AoeStats
← RoR | Vodka_L_2

Arena

509381475Analyzed
1v1 RM · 5d ago on Sep 26, 2026· 33m 16s· 2 players
Game mode
Random Map
Map size
Tiny (2 player)
Population
200
Speed
Normal
Resources
Standard
Victory
Conquest
Starting age
Dark Age
Ending age
Imperial Age
RankedLock teamsTeams togetherTeam positionsShared explorationLock speedFull tech treeHidden civsTurbo modeCheats
Victory
Defeat
🇮🇹 Danes · Italy
2589
+7
🇫🇷 Saxons · France
2362
-7
ARC.Lighty
5:35 Loom
8:41 Feudal Age
9:38 Double-Bit Axe
11:13 Fletching
12:08 Horse Collar
20:37 Castle Age
19:59 Gold Mining
21:02 Scale Mail Armor
30:19 Sanctity
30:32 Redemption
31:50 Wheelbarrow
31:01 Town Watch
35:45 Imperial Age
RoR | Vodka_L_2
10:24 Feudal Age
11:45 Loom
14:54 Castle Age
13:00 Horse Collar
14:37 Double-Bit Axe
25:14 Wheelbarrow
24:50 Bow Saw
24:34 Town Watch
26:55 Squires
28:03 Scale Mail Armor
28:26 Gold Mining
33:04 Imperial Age
31:18 Chain Mail Armor
33:04 Hand Cart
33:03 Heavy Plow
33:22 Forging
32:59 Arson
32:59 Gambesons
33:09 Gambesons
Connection lost

Rejoining the realm…

Still unreachable

The connection could not be restored.

Session expired

The server has moved on; the page needs a fresh start.